 Dungeon Crawl Stone Soup version 0.30-a0-830-gfe289a77b0 (webtiles) character file.

Game seed: 9132570722649831392

135 Nacht the Digger (level 4, 0/30 HPs)
             Began as a Demonspawn Earth Elementalist on Feb 28, 2023.
             Slain by Crazy Yiuf
             ... wielding a +3 quarterstaff of chaos
              (4 damage)
             ... on level 2 of the Dungeon.
             The game lasted 00:02:47 (2264 turns).

Nacht the Digger (Demonspawn Earth Elementalist)    Turns: 2264, Time: 00:02:48

Health: 0/30       AC:  3    Str:  9    XL:     4   Next: 96%
Magic:  7/7        EV: 12    Int: 20    God:
Gold:   158        SH:  0    Dex: 13    Spells: 1/7 levels left

rFire   . . .      SeeInvis .    f - +4 dagger
rCold   . . .      Faith    .    (no shield)
rNeg    . . .      Spirit   .    a - +0 robe
rPois   .          Reflect  .    (no helmet)
rElec   .          Harm     .    (no cloak)
rCorr   .          Rampage  .    e - +0 pair of gloves
Will    .....                    (no boots)
Stlth   ++                       (no amulet)
HPRegen 0.25/turn                (no ring)
MPRegen 0.10/turn                (no ring)

@: no status effects
A: spiny 1, big brain 1
a: no special abilities


You were on level 2 of the Dungeon.
You visited 1 branch of the dungeon, and saw 4 of its levels.

You collected 158 gold pieces.

Inventory:

Hand Weapons
 c - a +0 dagger
 f - a +4 dagger (weapon)
Armour
 a - a +0 robe (worn)
 e - a +0 pair of gloves (worn)
Jewellery
 g - a +4 ring of protection
 k - a ring of wizardry
Scrolls
 d - a scroll of enchant armour {unknown}
 h - a scroll of blinking {unknown}
 l - a scroll of fog
 m - a scroll of torment {unknown}
 o - a scroll of amnesia {unknown}
Potions
 i - 2 potions of berserk rage
 j - a potion of resistance {unknown}
 n - a potion of attraction {unknown}


   Skills:
 - Level 1.7 Dodging
 - Level 1.7 Stealth
 + Level 2.3 Spellcasting
 * Level 1.8 Conjurations
 - Level 0.8 Transmutations
 + Level 4.6 Earth Magic


You had one spell level left.
You knew the following spells:

 Your Spells              Type           Power      Damage    Failure   Level
a - Sandblast             Erth           40%        2d10      2%          1
b - Stone Arrow           Conj/Erth      30%        3d8       12%         3
w - Passwall              Tmut/Erth      10%        N/A       8%          2

Your spell library contained the following spells:

 Spells                   Type           Power      Damage    Failure   Level
 Magic Dart               Conj           36%        1d4       7%          1
 Slow                     Hex            8%         N/A       16%         1
 Searing Ray              Conj           18%        2d5       11%         2
 Confusing Touch          Hex            2%         N/A       41%         3
 Tukima's Dance           Hex            2%         N/A       41%         3
 Vampiric Draining        Necr           2%         2d6       41%         3
 Petrify                  Tmut/Erth      13%        N/A       45%         4
 Fulminant Prism          Conj/Hex       3%         3d5       71%         4
 Airstrike                Air            1%         2d(1-17)  83%         4
 Passage of Golubria      Tloc           2%         N/A       83%         4
 Summon Lightning Spire   Summ/Air       2%         N/A       83%         4
 Lightning Bolt           Conj/Air       3%         1d14      96%         5
 Yara's Violent Unravell  Hex/Tmut       2%         3d3       98%         5


Dungeon Overview and Level Annotations

Branches:
Dungeon (4/15)
 Temple: D:4-7

Altars:

Annotations:
D:2 Crazy Yiuf


Innate Abilities, Weirdness & Mutations

You are partially covered in sharp spines.
You have an unusually large brain. (Int +2)


Message History

The blast of sand hits the gnoll!!
You kill the gnoll!
Casting: Sandblast (safe; 2% risk of failure)
Confirm with . or Enter, or press ? or * to list all spells.
You can't see any susceptible monsters within range! (Use Z to cast anyway.)
There is a shaft here.
You enter the shallow water.
Moving in this stuff is going to be slow.
Key pressed, stopping explore.
Could not explore, unopened runed door.
Could not explore, unopened runed door.
Could not explore, unopened runed door.
Press: ? - help, v - describe, . - travel
Here: Crazy Yiuf, wielding a +3 quarterstaff of chaos and wearing a +1 cloak (wandering, hasn't noticed you, fire blocked by a runed translucent door)
The floor.
You open the door.
Crazy Yiuf shouts!
Casting: Sandblast (safe; 2% risk of failure)
Confirm with . or Enter, or press ? or * to list all spells.
Aiming: Sandblast (safe; 2% risk of failure)
Press: ? - help, Shift-Dir - straight line, f - Crazy Yiuf
Aim: Crazy Yiuf, wielding a +3 quarterstaff of chaos and wearing a +1 cloak (85% to hit)
The blast of sand hits Crazy Yiuf!
Crazy Yiuf is severely wounded.
Crazy Yiuf hits you with a +3 quarterstaff of chaos!!
Ouch! That really hurt!
You feel your power leaking away.
Casting: Sandblast (safe; 2% risk of failure)
Confirm with . or Enter, or press ? or * to list all spells.
You don't have enough magic to cast this spell.
Crazy Yiuf misses you.
Casting: Sandblast (safe; 2% risk of failure)
Confirm with . or Enter, or press ? or * to list all spells.
You don't have enough magic to cast this spell.
Magic courses through your body.
Crazy Yiuf yells, "Whiteboard mobile turtle!"
Crazy Yiuf hits you with a +3 quarterstaff of chaos!
* * * LOW HITPOINT WARNING * * *
Crazy Yiuf burns you.
You die...

####♣♣ ### ##.#..♣♣ ♣♣#..)#
#......♣♣♣♣@g...#
#.......♣..♣#...# ######
#.##...♣.♣♣♣ ### #####.....
#.###♣♣♣♣♣ #...<..... #.##
#...♣♣♣#.♣ #..# ###
###.#.P.♣♣..
##.#######.######..##P..♣♣♣.
#........>........###.♣.♣..♣
#.###############....♣.♣..♣♣


You could see Crazy Yiuf.

Vanquished Creatures
  Robin (D:2)
  3 gnolls (D:2)
  2 adders
  An ufetubus (D:4)
  2 worms
  A dart slug (D:3)
  4 endoplasms
  2 giant cockroaches
  6 hobgoblins
  5 jackals
  4 kobolds
  2 quokkas (D:2)
  6 ball pythons
  4 bats
  16 goblins
  5 rats (D:1)
64 creatures vanquished.

Vanquished Creatures (others)
  29 plants (D:2)
29 creatures vanquished.

Grand Total: 93 creatures vanquished

Notes
Turn   | Place    | Note
-------+----------+-------------------------------------------
     0 | D:1      | Nacht the Demonspawn Earth Elementalist began the quest for
                  | the Orb.
     0 | D:1      | Reached XP level 1. HP: 13/13 MP: 3/3
   132 | D:1      | Reached skill level 3 in Earth Magic
   211 | D:1      | Gained mutation: You have an unusually large brain. (Int
                  | +2) [demonic ancestry]
   211 | D:1      | Reached XP level 2. HP: 13/19 MP: 0/5
   887 | D:2      | Reached XP level 3. HP: 17/24 MP: 0/6
  1022 | D:2      | Noticed Robin
  1108 | D:2      | Reached skill level 4 in Earth Magic
  1153 | D:2      | Killed Robin
  1288 | D:2      | Learned a level 2 spell: Passwall
  1292 | D:2      | Learned a level 3 spell: Stone Arrow
  1412 | D:2      | Gained mutation: You are partially covered in sharp spines.
                  | [demonic ancestry]
  1412 | D:2      | Reached XP level 4. HP: 30/30 MP: 5/7
  1513 | D:2      | Reached skill level 1 in Conjurations
  1634 | D:2      | You fall into a shaft and drop 2 floors!
  2088 | D:2      | Found a runed translucent door.
  2089 | D:2      | Noticed Crazy Yiuf
  2264 | D:2      | Slain by Crazy Yiuf

Illustrated notes

Levels and vault maps discovered:
D:1:      mrwooster_arrival_statue, layout_basic, minmay_misc_feat_ornament,
          minmay_door_square
D:2:      wad_woods_settlement, layout_basic, basic_altar,
          uniq_crazy_yiuf_cottage, uniq_robin
D:3:      kennysheep_six_static_rooms, layout_loops_ring, kennysheep_nondescript
D:4:      layout_loops_ring, kennysheep_small_square

Skill      XL: |  1  2  3  4 |
---------------+-------------+-----
Earth Magic    | 3 4 |  4.6
Conjurations   | 1 |  1.8
Dodging        | |  1.7
Stealth        | |  1.7
Spellcasting   | |  2.3
Transmutations | |  0.8

Action                     |  1- 3 |  4- 6 || total
---------------------------+-------+-------++-------
  Melee: Dagger            |     9 |     1 ||    10
         Unarmed           |     3 |       ||     3
   Cast: Sandblast         |    53 |    25 ||    78
    Use: Scroll            |     3 |       ||     3
         Potion            |       |     1 ||     1
 Armour: Robe              |    19 |     3 ||    22
  Dodge: Dodged            |    48 |     2 ||    50

Table legend: (Time is in decaauts)
 A = Elapsed time spent in this place.
 B = Non-inter-level travel time spent in this place.
 C = Inter-level travel time spent in this place.
 D = Time resting spent in this place.
 E = Time spent auto-exploring this place.
 F = Levels seen in this place.
 G = Mean time per level.
                   A        B        C        D        E       F      G
               +--------+--------+--------+--------+--------+-----+--------+
         Total |   2302 |   2276 |     26 |      0 |   1873 |   4 |  575.5 |
       Dungeon |   2302 |   2276 |     26 |      0 |   1873 |   4 |  575.5 |
               +--------+--------+--------+--------+--------+-----+--------+

Top non-repeatable levels by time:
     D:2: 1078 daAuts
     D:1: 852 daAuts
     D:3: 292 daAuts
     D:4: 78 daAuts
